 Dungeon Crawl Stone Soup version 0.23.0 (webtiles) character file.

Game seed: 10632954152071986604

201 inmateoo the Sneak (level 5, 0/33 HPs)
             Began as an Octopode Transmuter on Feb 15, 2019.
             Succumbed to a worker ant's poison
             ... on level 4 of the Dungeon.
             The game lasted 00:02:59 (2520 turns).

inmateoo the Sneak (Octopode Transmuter)            Turns: 2520, Time: 00:02:59

Health: 0/33       AC:  1    Str: 18    XL:     5   Next: 79%
Magic:  9/10       EV: 13    Int: 16    God:
Gold:   106        SH:  0    Dex: 12    Spells: 4/10 levels left

rFire    . . .     SeeInvis .     - Unarmed
rCold    . . .     Gourm    .   (no shield)
rNeg     . . .     Faith    .   (helmet restricted)
rPois    .         Spirit   .   (no amulet)
rElec    .         Reflect  .   e - +3 ring of strength
rCorr    .         Harm     .   (no ring)
MR       .....                  (no ring)
Stlth    ++++......             (no ring)
HPRegen  0.11/turn              (no ring)
MPRegen  0.12/turn              (no ring)
                                (no ring)
                                (no ring)

@: mighty, lethally poisoned (0 -> -5)
A: almost no armour, stealthy swim, amphibious, 8 rings, constrict 8, camouflage
1, gelatinous body 1
a: no special abilities


You were on level 4 of the Dungeon.
You were near starving.

You visited 1 branch of the dungeon, and saw 4 of its levels.

You collected 106 gold pieces.

Inventory:

Missiles
 a - 86 arrows
Jewellery
 e - a +3 ring of strength (left tentacle)
Wands
 i - a wand of iceblast (10)
 m - a wand of disintegration (10)
Scrolls
 b - 2 scrolls of identify
 f - a scroll of enchant armour
Comestibles
 c - 8 rations


   Skills:
 + Level 1.0 Fighting
 - Level 2.0 Dodging
 - Level 4.2 Stealth
 - Level 3.0 Unarmed Combat
 - Level 3.4 Spellcasting
 - Level 3.7 Transmutations


You had 4 spell levels left.
You knew the following spells:

 Your Spells              Type           Power        Failure   Level  Hunger
a - Beastly Appendage     Tmut           ##....       4%          1    None
b - Sticks to Snakes      Tmut           ##......     6%          2    ##.....
c - Spider Form           Tmut/Pois      #.........   26%         3    ###....

Your spell library contained the following spells:

 Spells                   Type           Power        Failure   Level  Hunger
 Ice Form                 Ice/Tmut       #.......     63%         4    ####...
 Blade Hands              Tmut           ##........   73%         5    ######.


Dungeon Overview and Level Annotations

Branches:
Dungeon (4/15)
 Temple: D:4-7

Altars:
Dithmenos


Innate Abilities, Weirdness & Mutations

You cannot wear most types of armour.
You are very stealthy in the water. (Stealth+)
You are amphibious.
You can wear up to eight rings at the same time.
You can use your tentacles to constrict eight enemies at once.
Your skin changes colour to match your surroundings (Stealth+).
Your rubbery body absorbs attacks. (AC +1, EV +1)


Message History

Your memorisation is interrupted.
* * * LOW HITPOINT WARNING * * *
You feel sick.
This spell is very dangerous to cast!
Memorise Ice Form, consuming 4 spell levels and leaving 0?
You start memorising the spell.
You continue memorising.
Your memorisation is interrupted.
* * * LOW HITPOINT WARNING * * *
You feel sick.
This spell is very dangerous to cast!
Memorise Ice Form, consuming 4 spell levels and leaving 0?
You start memorising the spell.
You continue memorising.
Your memorisation is interrupted.
* * * LOW HITPOINT WARNING * * *
You feel sick.
This spell is very dangerous to cast!
Memorise Ice Form, consuming 4 spell levels and leaving 0?
You start memorising the spell.
You continue memorising.
Your memorisation is interrupted.
You die...

.......##$........#
........#.........###
.....................
....##...........###
. #..##.........##
##.####..........
######..# ####.#.....
#......## #.#.####
#....@.# .<#.#
#......# .###.#
#......# .# ..
#.[....# #. #......#
# ....##### ##...
#.## #.


There were no monsters in sight!

Vanquished Creatures
  A crimson imp (D:3)
  Terence (D:3)
  2 worker ants (D:4)
  3 adders (D:2)
  An ooze (D:3)
  3 worms
  5 dart slugs
  2 leopard geckos
  2 orcs (D:3)
  2 giant cockroaches (D:3)
  4 goblins
  A hobgoblin (D:3)
  2 jackals (D:3)
  A bat (D:2)
  5 frilled lizards
  9 kobolds
  4 rats
48 creatures vanquished.

Notes
Turn   | Place    | Note
-------+----------+-------------------------------------------
     0 | D:1      | inmateoo the Octopode Transmuter began the quest for the
                  | Orb.
     0 | D:1      | Reached XP level 1. HP: 13/13 MP: 3/3
    75 | D:1      | Reached skill level 1 in Stealth
    90 | D:1      | Reached XP level 2. HP: 18/18 MP: 5/5
   134 | D:1      | Reached skill level 2 in Stealth
   622 | D:2      | Reached XP level 3. HP: 23/23 MP: 6/6
   626 | D:2      | Learned a level 2 spell: Sticks to Snakes
   630 | D:2      | Learned a level 3 spell: Spider Form
   652 | D:2      | Found a shadowy altar of Dithmenos.
   790 | D:2      | Reached skill level 3 in Stealth
  1134 | D:2      | Reached XP level 4. HP: 21/28 MP: 7/7
  1402 | D:3      | Reached skill level 4 in Stealth
  1413 | D:3      | Noticed Terence
  1437 | D:3      | Killed Terence
  1437 | D:3      | Reached XP level 5. HP: 27/33 MP: 5/9
  2518 | D:4      | HP: 1/33 [poisoned by a worker ant]
  2520 | D:4      | Succumbed to a worker ant's poison

Skill      XL: |  1  2  3  4 |
---------------+-------------+-----
Stealth        | 1 2 3 4 |  4.2
Spellcasting   | 3 |  3.4
Transmutations | 3 |  3.7
Fighting       | |  1.0
Dodging        | |  2.0
Unarmed Combat | |  3.0

Action                   |  1- 3 |  4- 6 || total
-------------------------+-------+-------++-------
Melee: Unarmed           |    58 |    68 ||   126
       Tentacles         |    18 |     8 ||    26
       Constrict         |    18 |     9 ||    27
       Punch             |     1 |     2 ||     3
 Cast: Spider Form       |       |     6 ||     6
 Abil: End Transformatio |       |     1 ||     1
  Use: Scroll            |       |     8 ||     8
       Potion            |       |     1 ||     1
 Stab: Sleeping          |     7 |     7 ||    14
  Eat: Chunk             |     1 |     3 ||     4
Armor: Skin              |     1 |     1 ||     2
Dodge: Dodged            |    26 |    46 ||    72
